 Dungeon Crawl Stone Soup version 0.21.1-1-g345015f (webtiles) character file.

499 shakethe the Cleaver (level 6, 0/53 HPs)
             Began as a Demonspawn Gladiator on Feb 25, 2018.
             Succumbed to a worker ant's poison
             ... on level 4 of the Dungeon.
             The game lasted 00:07:07 (4206 turns).

shakethe the Cleaver (Demonspawn Gladiator)         Turns: 4206, Time: 00:07:08

Health: 0/53       AC:  4    Str: 13 (15) XL:     6   Next: 94%
Magic:  6/6        EV: 15    Int: 10 (11) God:
Gold:   142        SH:  0    Dex: 11 (14) Spells: 5/5 levels left

rFire    . . .     SeeInvis .   a - +0 war axe
rCold    . . .     Gourm    .   (no shield)
rNeg     . . .     Faith    .   b - +0 leather armour
rPois    .         Spirit   .   c - +0 helmet
rElec    .         Reflect  .   (no cloak)
rCorr    .         Harm     .   (no gloves)
MR       .....                  (no boots)
Stlth    +.........             (no amulet)
HPRegen  0.17/turn              (no ring)
MPRegen  0.10/turn              (no ring)

@: lethally poisoned (0 -> -17)
A: claws 2, rot immunity, sturdy frame 2
a: no special abilities


You were on level 4 of the Dungeon.
You were not hungry.

You visited 1 branch of the dungeon, and saw 4 of its levels.
You also visited: Sewer.

You collected 142 gold pieces.

Inventory:

Hand Weapons
 a - a +0 war axe (weapon)
Missiles
 m - 133 stones (quivered)
Armour
 b - a +0 leather armour (worn)
 c - a +0 helmet (worn)
Wands
 l - a wand of flame (20)
   (You found it on level 4 of the Dungeon)
Scrolls
 d - a scroll of noise {unknown}
 h - 2 scrolls of teleportation {unknown}
 i - 3 scrolls of blinking {unknown}
 j - 3 scrolls of remove curse {unknown}
 n - a scroll of immolation {unknown}
 p - 2 scrolls of identify {unknown}
Potions
 e - 2 potions of haste
 q - 2 potions of flight
Comestibles
 f - 8 rations


   Skills:
 + Level 6.9 Fighting
 * Level 9.1 Axes
 - Level 1.7 Throwing
 + Level 6.6 Dodging


You had 5 spell levels left.
You didn't know any spells.

Dungeon Overview and Level Annotations

Branches:
Dungeon (4/15)
 Temple: D:4-7

Altars:

Annotations:
D:4 Edmund


Innate Abilities, Weirdness & Mutations

You have very sharp fingernails.
You are immune to rotting.
Your movements are less encumbered by armour. (ER -4)


Message History

You resist with some effort.
You barely miss Natasha. You closely miss the crimson imp. Natasha claws you.
The crimson imp hits you but does no damage.
You take 3 damage, and have 40/53 hp.
You closely miss Natasha. You barely miss the crimson imp.
Natasha stares at you and mumbles some strange words.
The magic dart hits you!
The crimson imp hits you but does no damage.
You take 10 damage, and have 30/53 hp.
You hit Natasha.
You kill Natasha!
Natasha yowls pathetically as she dies!
The shadow imp disappears in a puff of smoke!
The crimson imp disappears in a puff of smoke!
There is a stone staircase leading up here.
You climb upwards.
There is a stone staircase leading down here.
You start resting.
Eating one of 2 chunks of flesh {@w0@w0}.
You eat one of the 2 chunks of flesh {@w0@w0}.
All of the chunks of flesh in your inventory have rotted away.
Health restored: 53
There is a stone staircase leading down here.
You climb downwards.
Level annotation: Edmund An orc and 3 orc wizards come into view.
An orc wizard is wielding a dagger of venom.
The orc wizard shouts! x2; The orc shouts!
You hear a shout!
The orc wizard casts a spell.
The orc wizard flickers and vanishes!
Deactivating autopickup; reactivate with Ctrl-A.
The orc wizard gestures at you while chanting.
The magic dart hits you!
There is a stone staircase leading up here.
You take 8 damage, and have 45/53 hp.
You climb upwards.
There is a stone staircase leading down here.
You regained 2 hp, and now have 49/53 hp.
There is a stone staircase leading down here.
You climb downwards.
Level annotation: Edmund
There is a stone staircase leading up, spattered with blood here.
Things that are here:
a leather armour; a flail of crushing A worker ant comes into view.
The worker ant twitches its antennae in your direction.
Health restored: 53 You barely miss the worker ant.
The worker ant bites you.
You take 2 damage, and have 51/53 hp.
You barely miss the worker ant. The worker ant barely misses you.
You closely miss the worker ant. The worker ant misses you.
You hit the worker ant. The worker ant closely misses you.
The worker ant bites you.
You take 6 damage, and have 46/53 hp.
You closely miss the worker ant. The worker ant bites you.
You take 4 damage, and have 42/53 hp.
You closely miss the worker ant. The worker ant misses you.
You hit the worker ant. The worker ant bites you.
You are poisoned.
The worker ant poisons you!
You take 6 damage, and have 36/53 hp.
You hit the worker ant.
You feel sick. The worker ant bites you! x2
You take 14 damage, and have 22/53 hp.
MASSIVE DAMAGE!!
You hit the worker ant.
You feel sick. The worker ant bites you.
* * * LOW HITPOINT WARNING * * *
You take 7 damage, and have 15/53 hp.
You hit the worker ant but do no damage.
You feel sick.
The worker ant bites you but does no damage.
You take 1 damage, and have 14/53 hp.
You closely miss the worker ant. The worker ant bites you.
* * * LOW HITPOINT WARNING * * *
You are lethally poisoned!
The worker ant poisons you!
You take 4 damage, and have 10/53 hp.
You barely miss the worker ant.
* * * LOW HITPOINT WARNING * * *
You feel sick.
The worker ant bites you but does no damage.
The worker ant completely misses you.
You take 1 damage, and have 9/53 hp.
* * * LOW HITPOINT WARNING * * *
You feel sick.
You take 2 damage, and have 7/53 hp.
It was a potion of magic.
Magic courses through your body.
* * * LOW HITPOINT WARNING * * *
You feel sick. The worker ant bites you.
* * * LOW HITPOINT WARNING * * *
You are more poisoned.
The worker ant poisons you!
You take 4 damage, and have 3/53 hp.
You closely miss the worker ant.
* * * LOW HITPOINT WARNING * * *
You feel sick.
The worker ant bites you but does no damage.
You take 1 damage, and have 2/53 hp.
You hit the worker ant.
You kill the worker ant!
You die...

#.# #.##...#.##......#
#.
#.#####.##.............#
#.
#............#.######..#
#. #######..#.###.#
*..#**, ##.#.# #.#
*....,, #.#.# #.#
**.###* #.#.#
#.#******,* #.#.#
*,*,,,,,,,* #.#@#
*,*,****,,* #.#.# *,*,*
*,,* #.#.# *,*,****,,*
#.#.# *,*,*,,,,,* *,#.#
*,*,*,**,** *,#.#
*,*,*,**,* *,#.#
*,*,*,**,** **,#!#
*,*,*,,,,,* *,,#.#
*,*,****,,*


There were no monsters in sight!

Vanquished Creatures
  A scorpion (D:4)
  A howler monkey (D:4)
  An orc wizard (D:3)
  An orc priest (D:4)
  Natasha (D:4)
  A worker ant (D:4)
  5 adders
  2 oozes
  A worm (D:2)
  A dart slug (D:2)
  5 leopard geckos (D:4)
  9 orcs
  4 giant cockroaches
  3 goblins
  2 hobgoblins (D:1)
  4 jackals
  10 bats
  3 frilled lizards
  10 kobolds
  4 rats
69 creatures vanquished.

Notes
Turn   | Place    | Note
-------+----------+-------------------------------------------
     0 | D:1      | shakethe the Demonspawn Gladiator began the quest for the Orb.
     0 | D:1      | Reached XP level 1. HP: 16/16 MP: 1/1
   170 | D:1      | Reached skill level 3 in Axes
   170 | D:1      | Gained mutation: Your movements are slightly less encumbered by armour. (ER -2) [demonic ancestry]
   170 | D:1      | Reached XP level 2. HP: 20/22 MP: 2/2
   517 | D:2      | Reached skill level 3 in Dodging
   517 | D:2      | Gained mutation: You have sharp fingernails. [demonic ancestry]
   517 | D:2      | Reached XP level 3. HP: 28/28 MP: 3/3
   670 | D:2      | HP: 5/28 [frilled lizard (3)]
  1108 | D:2      | Gained mutation: You have very sharp fingernails. [demonic ancestry]
  1108 | D:2      | Reached XP level 4. HP: 33/34 MP: 4/4
  1259 | D:2      | Found a faded altar of an unknown god.
  1502 | D:3      | Reached skill level 4 in Axes
  1519 | D:3      | HP: 8/34 [orc/club (3)]
  1520 | D:3      | Reached skill level 3 in Fighting
  2682 | D:4      | HP: 6/35 [orc priest/divine providence (11)]
  2689 | D:3      | HP: 6/35 [giant cockroach (1)]
  2952 | D:4      | Gained mutation: Your movements are less encumbered by armour. (ER -4) [demonic ancestry]
  2952 | D:4      | Reached XP level 5. HP: 41/41 MP: 5/5
  2971 | D:4      | HP: 10/41 [orc priest/club (3)]
  3000 | D:4      | Found a glowing drain.
  3009 | Sewer    | Entered a sewer
  3285 | Sewer    | Noticed a crocodile
  3294 | Sewer    | Reached skill level 6 in Fighting
  3294 | Sewer    | Reached skill level 9 in Axes
  3294 | Sewer    | Reached skill level 6 in Dodging
  3294 | Sewer    | Gained mutation: You are immune to rotting. [demonic ancestry]
  3294 | Sewer    | Reached XP level 6. HP: 33/53 MP: 6/6
  3324 | Sewer    | HP: 1/53 [crocodile (17)]
  3927 | D:4      | Noticed Natasha
  3927 | D:4      | Noticed Edmund
  3955 | D:4      | Killed Natasha
  4201 | D:4      | HP: 10/53 [worker ant (4)]
  4204 | D:4      | HP: 3/53 [worker ant (4)]
  4206 | D:4      | Succumbed to a worker ant's poison

Skill      XL: |  1  2  3  4  5 |
---------------+----------------+-----
Axes           | 3 4 9 |  9.1
Dodging        | 3 6 |  6.6
Fighting       | 3 6 |  6.9
Throwing       | |  1.7

Action                   |  1- 3 |  4- 6 || total
-------------------------+-------+-------++-------
Melee: War axe           |    79 |   150 ||   229
Throw: Throwing net      |       |     3 ||     3
  Use: Scroll            |       |     1 ||     1
       Potion            |       |    10 ||    10
  Eat: Chunk             |     1 |     6 ||     7
       Ration            |       |     1 ||     1
Armor: Leather armour    |    29 |    36 ||    65
Dodge: Dodged            |    79 |   124 ||   203

Vault maps used:
D:1:      evilmike_arrival_come_back
D:2:      chequers_ecumenical_altar_grove
D:3:      corexii_hall_statues_l, kennysheep_cross_room
D:4:      portal_sewer_entry_f, first_ration, uniq_natasha, uniq_edmund
Sewer:    sewer_the_crocodile

Table legend:
 A = Turns spent in this place as a percentage of turns spent in the entire game.
 B = Non-inter-level travel turns spent in this place as a percentage of non-inter-level travel turns spent in the entire game.
 C = Inter-level travel turns spent in this place as a percentage of turns spent in this place.
 D = Turns resting spent in this place as a percentage of non-inter-level travel turns spent in this place.
 E = Turns spent auto-exploring this place as a percentage of non-inter-level travel turns spent in this place.
 F = Non-inter-level travel turns spent in this place divided by the number of levels of this place that you've seen.
                   A       B       C       D       E      F
               +-------+-------+-------+-------+-------+----------------------
         Total | 100.0 | 100.0 |   1.2 |  38.6 |  46.1 | 831.2
       Dungeon |  92.3 |  92.2 |   1.3 |  36.9 |  48.3 | 958.2
         Sewer |   7.7 |   7.8 |   0.0 |  59.1 |  19.2 | 323.0
               +-------+-------+-------+-------+-------+----------------------

Table legend:
 A = Kills in this place as a percentage of kills in entire the game.
 B = Kills by you in this place as a percentage of kills by you in the entire game.
 C = Kills by friends in this place as a percentage of kills by friends in the entire game.
 D = Other kills in this place as a percentage of other kills in the entire game.
 E = Experience gained in this place as a percentage of experience gained in the entire game.
 F = Experience gained in this place divided by the number of levels of this place that you have seen.
                   A       B       C       D       E      F
               +-------+-------+-------+-------+-------+----------------------
         Total | 100.0 | 100.0 |   N/A |   N/A | 100.0 |  94.2
       Dungeon |  92.8 |  92.8 |   N/A |   N/A |  98.1 | 115.5
         Sewer |   7.2 |   7.2 |   N/A |   N/A |   1.9 |   9.0
               +-------+-------+-------+-------+-------+----------------------
